WINNIPEG vs NASHVILLE

Created - February-07-21 at 10:40

Goals
1 2 3 T
WINNIPEG 1 2 1 4
NASHVILLE 0 1 1 2
Shots
1 2 3 T
WINNIPEG 8 6 10 24
NASHVILLE 10 8 5 23

1st period

1. WINNIPEG , J.T. Miller 6 (Patrick Kane 18, Justin Braun 4) at 9:57 (PP)

Penalties :
Marcus Pettersson (WPG) for Slashing (Minor) at 5:41, Connor Carrick (NSH) for Holding (Minor) at 8:02, Tyler Motte (WPG) for Charging (Minor) at 18:32

2nd period

2. WINNIPEG , Sidney Crosby 9 (Alexander Edler 10, J.T. Miller 9) at 3:17
3. WINNIPEG , J.T. Miller 7 (Sidney Crosby 6, Alexander Edler 11) at 9:40
4. NASHVILLE , Morgan Rielly 5 (Paul Byron 9, Sean Monahan 10) at 12:56 (PP)

Penalties :
Alexander Edler (WPG) for Holding (Minor) at 11:54, Jason Dickinson (NSH) for Tripping (Minor) at 16:00, Antoine Roussel (WPG) for Holding (Minor) at 18:03

3rd period

5. NASHVILLE , Bobby Ryan 4 (Nolan Patrick 5, Andrew Peeke 7) at 2:29
6. WINNIPEG , J.T. Miller 8 (Alex Ovechkin 12, Marcus Pettersson 8) at 18:52

Penalties :
Chris Tanev (WPG) for Delaying the game (Minor) at 0:14, Alex Ovechkin (WPG) for Holding Stick (Minor) at 7:40

Goalie Stats

Connor Hellebuyck (WPG), 21 saves from 23 shots - (0.913), W, 7-6-1, 60:00 minutes
Joonas Korpisalo (NSH), 20 saves from 24 shots - (0.833), L, 4-2-0, 60:00 minutes

Players Stats for WINNIPEG

Player Name              G  A  P  +/- PIM S  H  SB GA TA FO     MP     PP MP  PK MP  
------------------------------------------------------------------------------------
Alex Ovechkin            0  1  1   2  2   3  3  1  0  0  0/0    20:07   0:56   0:00 
Alexander Edler          0  2  2   2  2   2  2  0  0  0  0/0    23:49   3:01   4:27 
Antoine Roussel          0  0  0  -1  2   0  1  0  0  0  2/5     9:19   0:00   2:42 
Chris Tanev              0  0  0   1  2   2  1  0  0  0  0/0    20:31   0:53   4:17 
Dan Hamhuis              0  0  0  -1  0   0  1  1  0  0  0/0    16:07   0:00   2:42 
Drew O'Connor            0  0  0   0  0   0  0  0  0  0  0/0     4:03   0:43   0:54 
J.T. Miller              3  1  4   3  0   5  1  0  0  0  1/2    17:27   1:14   2:39 
Jay Beagle               0  0  0   0  0   0  1  0  0  0  19/29  21:16   1:57   6:23 
Justin Braun             0  1  1   2  0   0  0  4  0  0  0/0    23:04   2:00   4:38 
Loui Eriksson            0  0  0   0  0   0  0  0  0  0  0/1    11:36   1:01   0:00 
Marcus Pettersson        0  1  1   1  2   1  3  0  0  0  0/0    21:25   0:53   5:11 
Nic Dowd                 0  0  0   0  0   1  0  0  0  0  8/14   13:14   0:00   2:39 
Oscar Fantenberg         0  0  0  -1  0   0  0  1  0  0  0/0    14:34   1:01   0:39 
Patrick Kane             0  1  1   0  0   3  2  0  0  0  0/1    16:19   1:57   0:00 
Sidney Crosby            1  1  2   3  0   3  1  0  0  0  13/18  16:13   1:57   0:42 
Tyler Motte              0  0  0   0  2   0  1  0  0  0  0/2    16:29   0:00   5:55 
Tyler Toffoli            0  0  0   0  0   4  1  0  0  0  0/0    16:19   1:57   0:00 
Zack MacEwen             0  0  0  -1  0   0  1  0  0  0  0/3     7:05   0:00   0:00 

Players Stats for NASHVILLE

Player Name              G  A  P  +/- PIM S  H  SB GA TA FO     MP     PP MP  PK MP  
------------------------------------------------------------------------------------
Adam Larsson             0  0  0  -2  0   0  3  0  0  0  0/0    19:51   5:45   2:11 
Alex Chiasson            0  0  0   1  0   1  1  0  0  0  0/0    12:59   0:00   0:00 
Andrew Peeke             0  1  1   1  0   0  3  3  0  0  0/0    14:26   0:00   0:00 
Bobby Ryan               1  0  1   1  0   3  4  0  0  0  1/3    13:15   0:16   0:00 
Brian Dumoulin           0  0  0   0  0   2  1  0  0  0  0/0    20:38   5:12   1:43 
Connor Carrick           0  0  0   1  2   1  2  1  0  0  0/0    14:25   0:00   0:00 
Devin Shore              0  0  0  -1  0   1  0  0  0  0  3/5     6:45   0:00   0:17 
J.T. Compher             0  0  0   0  0   4  0  0  0  0  8/24   19:06   5:20   1:19 
Jared McCann             0  0  0  -2  0   2  1  0  0  0  2/2    20:23   5:37   1:31 
Jason Dickinson          0  0  0   0  2   2  2  0  0  0  1/2    17:46   5:20   0:00 
Jeremy Lauzon            0  0  0  -1  0   0  1  1  0  0  0/0     5:05   0:00   0:00 
Jimmy Vesey              0  0  0   0  0   1  3  0  0  0  0/4    18:28   5:04   0:57 
Josh Leivo               0  0  0  -1  0   0  0  1  0  0  0/0     6:28   0:00   0:00 
Morgan Rielly            1  0  1  -3  0   3  0  1  0  0  0/0    24:56   5:45   2:11 
Nicolas Hague            0  0  0   0  0   0  3  2  0  0  0/0    20:38   5:12   1:43 
Nolan Patrick            0  1  1   1  0   2  2  0  0  0  4/9    13:42   0:00   0:43 
Paul Byron               0  1  1  -2  0   0  0  0  0  0  0/0    20:11   5:37   1:19 
Sean Monahan             0  1  1  -2  0   1  2  0  0  0  13/26  20:34   5:37   1:42 
Tage Thompson            0  0  0  -1  0   0  0  0  0  0  0/0     6:28   0:00   0:00 

3 Stars

1 - J.T. Miller (WPG)
2 - Sidney Crosby (WPG)
3 - Alexander Edler (WPG)

Power Play

WINNIPEG - 1 on 2 Attempt(s) - 50.00%
NASHVILLE - 1 on 6 Attempt(s) - 16.67%

Penalty Kill

WINNIPEG - 5 on 6 Attempt(s) - 83.33% - Score 0 goal in Penalty Kill
NASHVILLE - 1 on 2 Attempt(s) - 50.00% - Score 0 goal in Penalty Kill

Team Stat

WINNIPEG - Hits : 19 - Faceoff Wins : 43 - Blocked Shots : 7 - Penalty Minutes : 12
NASHVILLE - Hits : 28 - Faceoff Wins : 32 - Blocked Shots : 9 - Penalty Minutes : 4

Official

Referees : Stephen Hiff and Tom Chmielewski
Linesman : Stephen Drain and Shaun Morgan

Game Notes

J.T. Miller has scored a Hat Trick!

Finance

Level 1 -- Attendance: 4164 (69.40%) -- Ticket Income $416,400
Level 2 -- Attendance: 3869 (77.38%) -- Ticket Income $232,140
Level 3 -- Attendance: 1886 (94.30%) -- Ticket Income $66,010
Level 4 -- Attendance: 2416 (60.40%) -- Ticket Income $60,400
Luxury Box -- Attendance: 792 (79.20%) -- Ticket Income $158,400
Game was played at the Bridgestone Arena.
Total Attendance: 13127 (72.93%)
Total Ticket Income: $933,350
Total Income: $933,350

WINNIPEG

5 vs 5 Forward 
   Center                   Left Wing                Right Wing               Time % Phy DF OF 
 1 Sidney Crosby            Alex Ovechkin            J.T. Miller              39     1   2  2  
 2 Jay Beagle               Patrick Kane             Tyler Toffoli            39     1   2  2  
 3 Nic Dowd                 Loui Eriksson            Tyler Motte              19     1   3  1  
 4 Zack MacEwen             Antoine Roussel          Alex Ovechkin            3      1   2  2  

5 vs 5 Defense 
   Defense                  Defense                                           Time % Phy DF OF 
 1 Alexander Edler          Justin Braun                                      35     1   2  2  
 2 Chris Tanev              Marcus Pettersson                                 33     1   2  2  
 3 Oscar Fantenberg         Dan Hamhuis                                       22     1   2  2  
 4 Alexander Edler          Justin Braun                                      10     1   2  2  

PowerPlay Forward 
   Center                   Left Wing                Right Wing               Time % Phy DF OF 
 1 Sidney Crosby            Alex Ovechkin            Tyler Toffoli            60     0   2  3  
 2 Jay Beagle               Patrick Kane             J.T. Miller              40     0   2  3  

PowerPlay Defense
   Defense                  Defense                                           Time % Phy DF OF 
 1 Alexander Edler          Justin Braun                                      60     0   2  3  
 2 Chris Tanev              Marcus Pettersson                                 40     1   2  2  

Penalty Kill 4 Players Forward 
   Center                   Wing                     Time % Phy DF OF 
 1 Jay Beagle               Tyler Motte              60     0   3  2  
 2 Nic Dowd                 J.T. Miller              40     0   3  2  

Penalty Kill 4 Players Defense
   Defense                  Defense                  Time % Phy DF OF 
 1 Alexander Edler          Justin Braun             60     1   4  0  
 2 Chris Tanev              Marcus Pettersson        40     1   4  0  

Penalty Kill - 3 Players Forward 
   Forward                                           Time % Phy DF OF 
 1 Jay Beagle                                        60     1   2  2  
 2 Tyler Motte                                       40     1   2  2  

Penalty Kill - 3 Players Defense
   Defense                  Defense                  Time % Phy DF OF 
 1 Alexander Edler          Justin Braun             60     1   4  0  
 2 Chris Tanev              Marcus Pettersson        40     1   4  0  

4 vs 4 Forward 
   Center                   Wing                     Time % Phy DF OF 
 1 J.T. Miller              Patrick Kane             60     1   2  2  
 2 Sidney Crosby            Alex Ovechkin            40     1   2  2  

4 vs 4 Defense
   Defense                  Defense                  Time % Phy DF OF 
 1 Alexander Edler          Justin Braun             60     1   2  2  
 2 Chris Tanev              Marcus Pettersson        40     1   2  2  

Last Minutes Offensive
   Center                   Left Wing                Right Wing               Defense                  Defense                  
   Sidney Crosby            Alex Ovechkin            J.T. Miller              Alexander Edler          Justin Braun             

Last Minutes Defensive
   Center                   Left Wing                Right Wing               Defense                  Defense                  
   Jay Beagle               Tyler Motte              Nic Dowd                 Alexander Edler          Chris Tanev              

Goaltenders
Starting : Connor Hellebuyck        
Backup : Louis Domingue           

Extra Forwards
Normal : Drew O'Connor, Loui Eriksson, Antoine Roussel - PP : Drew O'Connor, Loui Eriksson - PK : Antoine Roussel
Extra Defensemen
Normal : Oscar Fantenberg, Dan Hamhuis, Chris Tanev - PP : Oscar Fantenberg - PK : Dan Hamhuis, Chris Tanev
Penalty Shots
Alex Ovechkin, Patrick Kane, Sidney Crosby, J.T. Miller, Tyler Toffoli

Scratches
None

NASHVILLE

5 vs 5 Forward 
   Center                   Left Wing                Right Wing               Time % Phy DF OF 
 1 Sean Monahan             Paul Byron               Jared McCann             35     1   2  2  
 2 J.T. Compher             Jason Dickinson          Jimmy Vesey              30     1   2  2  
 3 Nolan Patrick            Alex Chiasson            Bobby Ryan               25     1   2  2  
 4 Devin Shore              Josh Leivo               Tage Thompson            10     1   2  2  

5 vs 5 Defense 
   Defense                  Defense                                           Time % Phy DF OF 
 1 Morgan Rielly            Adam Larsson                                      35     1   2  2  
 2 Brian Dumoulin           Nicolas Hague                                     30     1   2  2  
 3 Andrew Peeke             Connor Carrick                                    25     1   2  2  
 4 Jeremy Lauzon            Morgan Rielly                                     10     1   2  2  

PowerPlay Forward 
   Center                   Left Wing                Right Wing               Time % Phy DF OF 
 1 Sean Monahan             Paul Byron               Jared McCann             60     1   2  2  
 2 J.T. Compher             Jason Dickinson          Jimmy Vesey              40     1   2  2  

PowerPlay Defense
   Defense                  Defense                                           Time % Phy DF OF 
 1 Morgan Rielly            Adam Larsson                                      60     1   2  2  
 2 Brian Dumoulin           Nicolas Hague                                     40     1   2  2  

Penalty Kill 4 Players Forward 
   Center                   Wing                     Time % Phy DF OF 
 1 Sean Monahan             Jared McCann             60     1   2  2  
 2 Paul Byron               J.T. Compher             40     1   2  2  

Penalty Kill 4 Players Defense
   Defense                  Defense                  Time % Phy DF OF 
 1 Morgan Rielly            Adam Larsson             60     1   2  2  
 2 Brian Dumoulin           Nicolas Hague            40     1   2  2  

Penalty Kill - 3 Players Forward 
   Forward                                           Time % Phy DF OF 
 1 Sean Monahan                                      60     1   2  2  
 2 Jared McCann                                      40     1   2  2  

Penalty Kill - 3 Players Defense
   Defense                  Defense                  Time % Phy DF OF 
 1 Morgan Rielly            Adam Larsson             60     1   2  2  
 2 Brian Dumoulin           Nicolas Hague            40     1   2  2  

4 vs 4 Forward 
   Center                   Wing                     Time % Phy DF OF 
 1 Sean Monahan             Jared McCann             60     1   2  2  
 2 Paul Byron               J.T. Compher             40     1   2  2  

4 vs 4 Defense
   Defense                  Defense                  Time % Phy DF OF 
 1 Morgan Rielly            Adam Larsson             60     1   2  2  
 2 Brian Dumoulin           Nicolas Hague            40     1   2  2  

Last Minutes Offensive
   Center                   Left Wing                Right Wing               Defense                  Defense                  
   Sean Monahan             Paul Byron               Jared McCann             Morgan Rielly            Adam Larsson             

Last Minutes Defensive
   Center                   Left Wing                Right Wing               Defense                  Defense                  
   Sean Monahan             Paul Byron               Jared McCann             Morgan Rielly            Adam Larsson             

Goaltenders
Starting : Joonas Korpisalo         
Backup : Devan Dubnyk             

Extra Forwards
Normal : Bobby Ryan, Alex Chiasson, Nolan Patrick - PP : Bobby Ryan, Alex Chiasson - PK : Nolan Patrick
Extra Defensemen
Normal : Andrew Peeke, Connor Carrick, Jeremy Lauzon - PP : Andrew Peeke - PK : Connor Carrick, Jeremy Lauzon
Penalty Shots
Sean Monahan, Jared McCann, Paul Byron, J.T. Compher, Jason Dickinson

Scratches
Alexander Barabanov (Healthy), Alex Petrovic (Healthy), Henrik Lundqvist (Healthy), NSH Cap Hit (Suspend)

% Time on Ice - WINNIPEG

Lines # - Real PCT - Wanted PCT - Time Play
Normal Forward
1 - 30% - 39% - 13:34
2 - 32% - 39% - 14:22
3 - 23% - 19% - 10:35
4 - 15% - 3% - 6:38
Normal Defense
1 - 33% - 35% - 14:53
2 - 34% - 33% - 15:22
3 - 30% - 22% - 13:25
4 - 3% - 10% - 1:29
PP Forward
1 - 50% - 60% - 1:57
2 - 50% - 40% - 1:57
PP Defense
1 - 77% - 60% - 3:01
2 - 23% - 40% - 0:53
PK Forward
1 - 76% - 60% - 8:18
2 - 24% - 40% - 2:39
PK Defense
1 - 46% - 60% - 5:02
2 - 54% - 40% - 5:55
PK3 Forward
1 - 0% - 60%
2 - 0% - 40%
PK3 Defense
1 - 0% - 60%
2 - 0% - 40%
44 Forward
1 - 0% - 60%
2 - 0% - 40%
44 Defense
1 - 0% - 60%
2 - 0% - 40%
Last Minute Offensive  - 0:00
Last Minute Defensive  - 0:00
Total
Forward - 60:00
Defense - 60:00

% Time on Ice - NASHVILLE

Lines # - Real PCT - Wanted PCT - Time Play
Normal Forward
1 - 29% - 35% - 13:15
2 - 28% - 30% - 12:27
3 - 29% - 25% - 12:59
4 - 14% - 10% - 6:28
Normal Defense
1 - 26% - 35% - 11:55
2 - 30% - 30% - 13:43
3 - 32% - 25% - 14:26
4 - 11% - 10% - 5:05
PP Forward
1 - 51% - 60% - 5:37
2 - 49% - 40% - 5:20
PP Defense
1 - 53% - 60% - 5:45
2 - 47% - 40% - 5:12
PK Forward
1 - 66% - 60% - 2:35
2 - 34% - 40% - 1:19
PK Defense
1 - 56% - 60% - 2:11
2 - 44% - 40% - 1:43
PK3 Forward
1 - 0% - 60%
2 - 0% - 40%
PK3 Defense
1 - 0% - 60%
2 - 0% - 40%
44 Forward
1 - 0% - 60%
2 - 0% - 40%
44 Defense
1 - 0% - 60%
2 - 0% - 40%
Last Minute Offensive  - 0:00
Last Minute Defensive  - 0:00
Total
Forward - 60:00
Defense - 60:00

Play-by-Play

1st period


0:01 of 1st period - Sidney Crosby wins face-off versus Sean Monahan in neutral zone.
0:15 of 1st period - Shot by J.T. Miller.
0:15 of 1st period - Stopped by Joonas Korpisalo without a rebound.
0:16 of 1st period - Jay Beagle wins face-off versus J.T. Compher in NASHVILLE zone.
0:27 of 1st period - Shot by Patrick Kane.
0:27 of 1st period - Shot Misses the Net.
0:31 of 1st period - Shot by Patrick Kane.
0:31 of 1st period - Stopped by Joonas Korpisalo without a rebound.
0:32 of 1st period - Nic Dowd wins face-off versus Nolan Patrick in NASHVILLE zone.
1:01 of 1st period - Shot by Bobby Ryan.
1:01 of 1st period - Stopped by Connor Hellebuyck without a rebound.
1:02 of 1st period - Devin Shore wins face-off versus J.T. Miller in WINNIPEG zone.
2:02 of 1st period - Shot by Jared McCann.
2:02 of 1st period - Stopped by Connor Hellebuyck without a rebound.
2:03 of 1st period - Jay Beagle wins face-off versus J.T. Compher in WINNIPEG zone.
2:03 of 1st period - Jay Beagle is hit by Jason Dickinson.
2:23 of 1st period - Shot by Jimmy Vesey.
2:23 of 1st period - Shot Misses the Net.
3:11 of 1st period - Shot by Jared McCann.
3:11 of 1st period - Shot Misses the Net.
3:15 of 1st period - Shot by Sean Monahan.
3:15 of 1st period - Stopped by Connor Hellebuyck without a rebound.
3:16 of 1st period - Nic Dowd wins face-off versus Bobby Ryan in WINNIPEG zone.
3:16 of 1st period - Nic Dowd is hit by Bobby Ryan.
3:24 of 1st period - Shot by Bobby Ryan.
3:24 of 1st period - Shot Misses the Net.
3:28 of 1st period - Shot by Nolan Patrick.
3:28 of 1st period - Stopped by Connor Hellebuyck without a rebound.
3:29 of 1st period - Sean Monahan wins face-off versus Zack MacEwen in WINNIPEG zone.
3:36 of 1st period - Shot by Paul Byron.
3:36 of 1st period - Shot Hit the Post.
4:24 of 1st period - Shot by Connor Carrick.
4:24 of 1st period - Stopped by Connor Hellebuyck without a rebound.
4:25 of 1st period - J.T. Compher wins face-off versus Nic Dowd in WINNIPEG zone.
4:35 of 1st period - Shot by J.T. Compher.
4:35 of 1st period - Stopped by Connor Hellebuyck with a rebound.
4:37 of 1st period - Shot by J.T. Compher.
4:37 of 1st period - Stopped by Connor Hellebuyck without a rebound.
4:38 of 1st period - Nolan Patrick wins face-off versus Jay Beagle in WINNIPEG zone.
4:38 of 1st period - Nolan Patrick is hit by Marcus Pettersson.
4:54 of 1st period - Jay Beagle is hit by Nolan Patrick and loses puck.
5:41 of 1st period - Minor Penalty to Marcus Pettersson for Slashing.
5:42 of 1st period - Antoine Roussel wins face-off versus J.T. Compher in WINNIPEG zone.
7:26 of 1st period - Shot by Brian Dumoulin.
7:26 of 1st period - Stopped by Connor Hellebuyck without a rebound.
7:27 of 1st period - Sean Monahan wins face-off versus Jay Beagle in WINNIPEG zone.
8:00 of 1st period - Icing by Andrew Peeke.
8:01 of 1st period - Sidney Crosby wins face-off versus Bobby Ryan in NASHVILLE zone.
8:02 of 1st period - Shot by J.T. Miller.
8:02 of 1st period - Stopped by Joonas Korpisalo without a rebound.
8:02 of 1st period - Minor Penalty to Connor Carrick for Holding.
8:03 of 1st period - Sidney Crosby wins face-off versus Sean Monahan in NASHVILLE zone.
8:16 of 1st period - Shot by Alex Ovechkin.
8:16 of 1st period - Shot Misses the Net.
8:18 of 1st period - Shot by Alexander Edler.
8:18 of 1st period - Shot Misses the Net.
8:20 of 1st period - Shot by Justin Braun.
8:20 of 1st period - Deflect By Tyler Toffoli.
8:20 of 1st period - Stopped by Joonas Korpisalo without a rebound.
8:21 of 1st period - Sean Monahan wins face-off versus Jay Beagle in NASHVILLE zone.
8:34 of 1st period - Paul Byron is hit by Jay Beagle and loses puck.
8:54 of 1st period - Jay Beagle is hit by Adam Larsson and loses puck.
9:11 of 1st period - Shot by Sidney Crosby.
9:11 of 1st period - Shot Misses the Net.
9:37 of 1st period - Shot by Chris Tanev.
9:37 of 1st period - Stopped by Joonas Korpisalo without a rebound.
9:38 of 1st period - Jay Beagle wins face-off versus Sean Monahan in NASHVILLE zone.
9:57 of 1st period - Shot by J.T. Miller.
9:57 of 1st period - Goal by J.T. Miller - WINNIPEG : 1 - NASHVILLE : 0.
9:58 of 1st period - Nolan Patrick wins face-off versus Tyler Motte in neutral zone.
10:45 of 1st period - Icing by Loui Eriksson.
10:46 of 1st period - Nic Dowd wins face-off versus J.T. Compher in WINNIPEG zone.
11:09 of 1st period - Jason Dickinson is hit by Dan Hamhuis and loses puck.
11:43 of 1st period - Icing by Jared McCann.
11:44 of 1st period - J.T. Miller wins face-off versus Sean Monahan in NASHVILLE zone.
12:03 of 1st period - Shot by Alex Ovechkin.
12:03 of 1st period - Shot Misses the Net.
12:50 of 1st period - Tyler Toffoli is hit by Andrew Peeke and loses puck.
13:18 of 1st period - Justin Braun is hit by Bobby Ryan and loses puck.
13:46 of 1st period - Shot by Brian Dumoulin.
13:46 of 1st period - Shot Misses the Net.
13:56 of 1st period - Shot by J.T. Compher.
13:56 of 1st period - Shot Misses the Net.
14:39 of 1st period - Shot by Devin Shore.
14:39 of 1st period - Stopped by Connor Hellebuyck without a rebound.
14:40 of 1st period - Nolan Patrick wins face-off versus Nic Dowd in WINNIPEG zone.
14:45 of 1st period - Shot by Bobby Ryan.
14:45 of 1st period - Shot Blocked by Dan Hamhuis.
15:44 of 1st period - Shot by J.T. Miller.
15:44 of 1st period - Shot Blocked by Nicolas Hague.
15:55 of 1st period - Jared McCann is hit by J.T. Miller.
15:59 of 1st period - J.T. Miller is hit by Sean Monahan and loses puck.
16:27 of 1st period - Shot by Patrick Kane.
16:27 of 1st period - Shot Misses the Net.
16:32 of 1st period - Patrick Kane is hit by Adam Larsson and loses puck.
17:12 of 1st period - Shot by Alex Ovechkin.
17:12 of 1st period - Shot Blocked by Josh Leivo.
17:14 of 1st period - Shot by Alexander Edler.
17:14 of 1st period - Stopped by Joonas Korpisalo with a rebound.
17:16 of 1st period - Shot by Antoine Roussel.
17:16 of 1st period - Shot Blocked by Andrew Peeke.
17:18 of 1st period - Shot by Zack MacEwen.
17:18 of 1st period - Shot Misses the Net.
17:37 of 1st period - Alex Ovechkin is hit by Nicolas Hague and loses puck.
18:00 of 1st period - Shot by Alex Chiasson.
18:00 of 1st period - Stopped by Connor Hellebuyck without a rebound.
18:01 of 1st period - Sean Monahan wins face-off versus Jay Beagle in WINNIPEG zone.
18:29 of 1st period - Shot by Tyler Toffoli.
18:29 of 1st period - Stopped by Joonas Korpisalo without a rebound.
18:30 of 1st period - Jason Dickinson wins face-off versus Loui Eriksson in NASHVILLE zone.
18:32 of 1st period - Minor Penalty to Tyler Motte for Charging.
18:33 of 1st period - Jay Beagle wins face-off versus J.T. Compher in WINNIPEG zone.
19:34 of 1st period - Icing by Adam Larsson.
19:35 of 1st period - Sean Monahan wins face-off versus Jay Beagle in NASHVILLE zone.
Goals for this period are 1 for WINNIPEG vs 0 for NASHVILLE.
Shots for this period are 8 for WINNIPEG vs 10 for NASHVILLE.

2nd period


0:01 of 2nd period - Jay Beagle wins face-off versus Sean Monahan in neutral zone.
0:39 of 2nd period - Nicolas Hague is hit by Sidney Crosby and loses puck.
1:38 of 2nd period - Shot by Tyler Motte.
1:38 of 2nd period - Shot Blocked by Andrew Peeke.
2:59 of 2nd period - Icing by Morgan Rielly.
3:00 of 2nd period - Sean Monahan wins face-off versus Sidney Crosby in NASHVILLE zone.
3:17 of 2nd period - Shot by Sidney Crosby.
3:17 of 2nd period - Goal by Sidney Crosby - WINNIPEG : 2 - NASHVILLE : 0.
3:18 of 2nd period - Antoine Roussel wins face-off versus J.T. Compher in neutral zone.
3:31 of 2nd period - Nicolas Hague is hit by Alexander Edler and loses puck.
3:40 of 2nd period - Shot by Jimmy Vesey.
3:40 of 2nd period - Stopped by Connor Hellebuyck without a rebound.
3:41 of 2nd period - Devin Shore wins face-off versus Nic Dowd in WINNIPEG zone.
4:57 of 2nd period - Shot by Paul Byron.
4:57 of 2nd period - Shot Blocked by Oscar Fantenberg.
5:16 of 2nd period - Icing by Dan Hamhuis.
5:17 of 2nd period - J.T. Compher wins face-off versus Jay Beagle in WINNIPEG zone.
5:21 of 2nd period - Icing by Dan Hamhuis.
5:22 of 2nd period - Jay Beagle wins face-off versus Jimmy Vesey in WINNIPEG zone.
5:47 of 2nd period - Shot by Jimmy Vesey.
5:47 of 2nd period - Shot Blocked by Justin Braun.
5:49 of 2nd period - Shot by Connor Carrick.
5:49 of 2nd period - Shot Blocked by Alex Ovechkin.
5:51 of 2nd period - Shot by Jason Dickinson.
5:51 of 2nd period - Stopped by Connor Hellebuyck without a rebound.
5:52 of 2nd period - Nic Dowd wins face-off versus Nolan Patrick in WINNIPEG zone.
6:00 of 2nd period - Icing by Morgan Rielly.
6:01 of 2nd period - Bobby Ryan wins face-off versus Sidney Crosby in NASHVILLE zone.
6:10 of 2nd period - Shot by Bobby Ryan.
6:10 of 2nd period - Shot Misses the Net.
6:32 of 2nd period - Alexander Edler is hit by Nolan Patrick and loses puck.
6:51 of 2nd period - Shot by Jared McCann.
6:51 of 2nd period - Shot Misses the Net.
7:01 of 2nd period - Shot by Jared McCann.
7:01 of 2nd period - Stopped by Connor Hellebuyck without a rebound.
7:02 of 2nd period - Jay Beagle wins face-off versus J.T. Compher in WINNIPEG zone.
7:07 of 2nd period - J.T. Compher is hit by Patrick Kane.
7:13 of 2nd period - Shot by Tyler Toffoli.
7:13 of 2nd period - Shot Blocked by Andrew Peeke.
7:37 of 2nd period - Off-side.
7:38 of 2nd period - Sean Monahan wins face-off versus Nic Dowd in neutral zone.
7:41 of 2nd period - Shot by Morgan Rielly.
7:41 of 2nd period - Shot Misses the Net.
8:42 of 2nd period - Shot by Antoine Roussel.
8:42 of 2nd period - Shot Misses the Net.
8:44 of 2nd period - Shot by Justin Braun.
8:44 of 2nd period - Shot Misses the Net.
8:46 of 2nd period - Shot by Antoine Roussel.
8:46 of 2nd period - Shot Misses the Net.
8:48 of 2nd period - Shot by Alexander Edler.
8:48 of 2nd period - Stopped by Joonas Korpisalo without a rebound.
8:49 of 2nd period - Jay Beagle wins face-off versus J.T. Compher in NASHVILLE zone.
8:49 of 2nd period - Chris Tanev is hit by Connor Carrick.
8:51 of 2nd period - Shot by Patrick Kane.
8:51 of 2nd period - Stopped by Joonas Korpisalo without a rebound.
8:52 of 2nd period - Jay Beagle wins face-off versus Jimmy Vesey in NASHVILLE zone.
8:52 of 2nd period - Jay Beagle is hit by Andrew Peeke.
9:01 of 2nd period - Icing by Andrew Peeke.
9:02 of 2nd period - Sidney Crosby wins face-off versus J.T. Compher in NASHVILLE zone.
9:06 of 2nd period - Icing by Connor Carrick.
9:07 of 2nd period - Sidney Crosby wins face-off versus Jimmy Vesey in NASHVILLE zone.
9:12 of 2nd period - Shot by Alex Ovechkin.
9:12 of 2nd period - Stopped by Joonas Korpisalo without a rebound.
9:13 of 2nd period - Sean Monahan wins face-off versus Sidney Crosby in NASHVILLE zone.
9:13 of 2nd period - Sean Monahan is hit by Alex Ovechkin.
9:29 of 2nd period - J.T. Miller is hit by Sean Monahan and loses puck.
9:40 of 2nd period - Shot by J.T. Miller.
9:40 of 2nd period - Goal by J.T. Miller - WINNIPEG : 3 - NASHVILLE : 0.
9:41 of 2nd period - Jay Beagle wins face-off versus Jason Dickinson in neutral zone.
9:41 of 2nd period - Patrick Kane is hit by Jimmy Vesey and loses puck.
9:52 of 2nd period - Patrick Kane is hit by Nicolas Hague and loses puck.
10:12 of 2nd period - J.T. Compher is hit by Patrick Kane and loses puck.
11:15 of 2nd period - Nolan Patrick is hit by Alex Ovechkin.
11:30 of 2nd period - Alexander Edler is hit by Andrew Peeke and loses puck.
11:52 of 2nd period - Paul Byron is hit by Alexander Edler and loses puck.
11:54 of 2nd period - Minor Penalty to Alexander Edler for Holding.
11:55 of 2nd period - J.T. Compher wins face-off versus Antoine Roussel in WINNIPEG zone.
12:02 of 2nd period - Shot by J.T. Compher.
12:02 of 2nd period - Stopped by Connor Hellebuyck without a rebound.
12:03 of 2nd period - Jay Beagle wins face-off versus Jimmy Vesey in WINNIPEG zone.
12:22 of 2nd period - Shot by J.T. Compher.
12:22 of 2nd period - Shot Blocked by Justin Braun.
12:24 of 2nd period - Shot by Brian Dumoulin.
12:24 of 2nd period - Stopped by Connor Hellebuyck without a rebound.
12:25 of 2nd period - Sean Monahan wins face-off versus Antoine Roussel in WINNIPEG zone.
12:54 of 2nd period - Shot by Morgan Rielly.
12:54 of 2nd period - Shot Misses the Net.
12:56 of 2nd period - Shot by Morgan Rielly.
12:56 of 2nd period - Goal by Morgan Rielly - WINNIPEG : 3 - NASHVILLE : 1.
12:57 of 2nd period - J.T. Compher wins face-off versus Zack MacEwen in neutral zone.
13:23 of 2nd period - Alex Ovechkin is hit by Brian Dumoulin and loses puck.
13:56 of 2nd period - Shot by Nolan Patrick.
13:56 of 2nd period - Shot Misses the Net.
14:36 of 2nd period - Shot by Tyler Toffoli.
14:36 of 2nd period - Stopped by Joonas Korpisalo without a rebound.
14:37 of 2nd period - Sidney Crosby wins face-off versus Sean Monahan in NASHVILLE zone.
15:20 of 2nd period - Sean Monahan is hit by Marcus Pettersson and loses puck.
16:00 of 2nd period - Minor Penalty to Jason Dickinson for Tripping.
16:01 of 2nd period - Jay Beagle wins face-off versus Sean Monahan in NASHVILLE zone.
16:01 of 2nd period - Jay Beagle is hit by Adam Larsson.
17:39 of 2nd period - Adam Larsson is hit by Tyler Toffoli and loses puck.
17:55 of 2nd period - Patrick Kane is hit by Nicolas Hague and loses puck.
18:03 of 2nd period - Minor Penalty to Antoine Roussel for Holding.
18:04 of 2nd period - Jay Beagle wins face-off versus J.T. Compher in WINNIPEG zone.
18:11 of 2nd period - Shot by Morgan Rielly.
18:11 of 2nd period - Shot Misses the Net.
18:17 of 2nd period - Shot by Jason Dickinson.
18:17 of 2nd period - Shot Blocked by Justin Braun.
18:19 of 2nd period - Shot by J.T. Compher.
18:19 of 2nd period - Stopped by Connor Hellebuyck without a rebound.
18:20 of 2nd period - Jared McCann wins face-off versus Jay Beagle in WINNIPEG zone.
19:18 of 2nd period - Shot by Morgan Rielly.
19:18 of 2nd period - Stopped by Connor Hellebuyck without a rebound.
19:19 of 2nd period - Nic Dowd wins face-off versus J.T. Compher in WINNIPEG zone.
Goals for this period are 2 for WINNIPEG vs 1 for NASHVILLE.
Shots for this period are 6 for WINNIPEG vs 8 for NASHVILLE.

3rd period


0:01 of 3rd period - Jay Beagle wins face-off versus Sean Monahan in neutral zone.
0:10 of 3rd period - J.T. Miller is hit by Jason Dickinson and loses puck.
0:14 of 3rd period - Minor Penalty to Chris Tanev for Delaying the game.
0:15 of 3rd period - Jay Beagle wins face-off versus Sean Monahan in WINNIPEG zone.
1:42 of 3rd period - Brian Dumoulin is hit by Antoine Roussel and loses puck.
1:50 of 3rd period - Icing by Brian Dumoulin.
1:51 of 3rd period - J.T. Compher wins face-off versus Jay Beagle in NASHVILLE zone.
1:51 of 3rd period - J.T. Compher is hit by Tyler Motte.
2:27 of 3rd period - Shot by Nolan Patrick.
2:27 of 3rd period - Shot Misses the Net.
2:29 of 3rd period - Shot by Bobby Ryan.
2:29 of 3rd period - Goal by Bobby Ryan - WINNIPEG : 3 - NASHVILLE : 2.
2:30 of 3rd period - Sidney Crosby wins face-off versus Devin Shore in neutral zone.
2:45 of 3rd period - Shot by Alex Ovechkin.
2:45 of 3rd period - Shot Misses the Net.
2:47 of 3rd period - Shot by Marcus Pettersson.
2:47 of 3rd period - Stopped by Joonas Korpisalo without a rebound.
2:48 of 3rd period - Jay Beagle wins face-off versus J.T. Compher in NASHVILLE zone.
3:03 of 3rd period - Alexander Edler is hit by Jimmy Vesey and loses puck.
3:24 of 3rd period - Shot by J.T. Compher.
3:24 of 3rd period - Shot Blocked by Justin Braun.
3:26 of 3rd period - Shot by J.T. Compher.
3:26 of 3rd period - Shot Misses the Net.
3:38 of 3rd period - Shot by Bobby Ryan.
3:38 of 3rd period - Stopped by Connor Hellebuyck without a rebound.
3:39 of 3rd period - Sidney Crosby wins face-off versus Sean Monahan in WINNIPEG zone.
4:04 of 3rd period - Shot by J.T. Miller.
4:04 of 3rd period - Shot Misses the Net.
4:17 of 3rd period - Icing by Oscar Fantenberg.
4:18 of 3rd period - Sidney Crosby wins face-off versus Nolan Patrick in WINNIPEG zone.
5:08 of 3rd period - Nic Dowd is hit by Alex Chiasson and loses puck.
5:12 of 3rd period - Marcus Pettersson is hit by Bobby Ryan and loses puck.
6:09 of 3rd period - Icing by Nolan Patrick.
6:10 of 3rd period - Sidney Crosby wins face-off versus Nolan Patrick in NASHVILLE zone.
6:21 of 3rd period - Shot by J.T. Miller.
6:21 of 3rd period - Shot Misses the Net.
6:25 of 3rd period - Shot by Sidney Crosby.
6:25 of 3rd period - Stopped by Joonas Korpisalo without a rebound.
6:26 of 3rd period - Jared McCann wins face-off versus Antoine Roussel in NASHVILLE zone.
6:26 of 3rd period - Jared McCann is hit by Zack MacEwen.
6:40 of 3rd period - Shot by Alex Ovechkin.
6:40 of 3rd period - Shot Misses the Net.
6:55 of 3rd period - Icing by Morgan Rielly.
6:56 of 3rd period - Sean Monahan wins face-off versus Jay Beagle in NASHVILLE zone.
7:19 of 3rd period - Shot by Patrick Kane.
7:19 of 3rd period - Stopped by Joonas Korpisalo without a rebound.
7:20 of 3rd period - J.T. Compher wins face-off versus Tyler Motte in NASHVILLE zone.
7:37 of 3rd period - Icing by J.T. Compher.
7:38 of 3rd period - Sidney Crosby wins face-off versus J.T. Compher in NASHVILLE zone.
7:40 of 3rd period - Minor Penalty to Alex Ovechkin for Holding Stick.
7:41 of 3rd period - Jay Beagle wins face-off versus J.T. Compher in WINNIPEG zone.
8:00 of 3rd period - Shot by Morgan Rielly.
8:00 of 3rd period - Shot Misses the Net.
8:02 of 3rd period - Shot by Adam Larsson.
8:02 of 3rd period - Shot Misses the Net.
8:04 of 3rd period - Shot by Morgan Rielly.
8:04 of 3rd period - Stopped by Connor Hellebuyck with a rebound.
9:10 of 3rd period - Marcus Pettersson is hit by Jimmy Vesey and loses puck.
9:16 of 3rd period - J.T. Compher is hit by Marcus Pettersson and loses puck.
9:23 of 3rd period - Shot by Jason Dickinson.
9:23 of 3rd period - Stopped by Connor Hellebuyck without a rebound.
9:24 of 3rd period - Nic Dowd wins face-off versus Sean Monahan in WINNIPEG zone.
9:30 of 3rd period - Icing by Jared McCann.
9:31 of 3rd period - Sean Monahan wins face-off versus Nic Dowd in NASHVILLE zone.
9:44 of 3rd period - Shot by Devin Shore.
9:44 of 3rd period - Shot Misses the Net.
9:56 of 3rd period - Shot by Alex Ovechkin.
9:56 of 3rd period - Shot Misses the Net.
9:58 of 3rd period - Shot by Zack MacEwen.
9:58 of 3rd period - Shot Blocked by Connor Carrick.
10:02 of 3rd period - Shot by Alex Ovechkin.
10:02 of 3rd period - Shot Misses the Net.
10:18 of 3rd period - Shot by Alex Ovechkin.
10:18 of 3rd period - Stopped by Joonas Korpisalo without a rebound.
10:19 of 3rd period - J.T. Compher wins face-off versus Sidney Crosby in NASHVILLE zone.
10:47 of 3rd period - Shot by J.T. Miller.
10:47 of 3rd period - Shot Misses the Net.
10:49 of 3rd period - Shot by Sidney Crosby.
10:49 of 3rd period - Stopped by Joonas Korpisalo with a rebound.
11:27 of 3rd period - Shot by Patrick Kane.
11:27 of 3rd period - Shot Blocked by Nicolas Hague.
12:09 of 3rd period - Dan Hamhuis is hit by Connor Carrick and loses puck.
12:31 of 3rd period - Chris Tanev is hit by Bobby Ryan and loses puck.
12:52 of 3rd period - Shot by Tyler Motte.
12:52 of 3rd period - Shot Blocked by Jeremy Lauzon.
14:03 of 3rd period - Icing by Alexander Edler.
14:04 of 3rd period - Sean Monahan wins face-off versus Sidney Crosby in WINNIPEG zone.
14:27 of 3rd period - Shot by Alex Ovechkin.
14:27 of 3rd period - Shot Misses the Net.
14:56 of 3rd period - Shot by Jay Beagle.
14:56 of 3rd period - Shot Blocked by Morgan Rielly.
14:58 of 3rd period - Shot by Jay Beagle.
14:58 of 3rd period - Shot Misses the Net.
15:00 of 3rd period - Shot by Tyler Toffoli.
15:00 of 3rd period - Shot Misses the Net.
15:02 of 3rd period - Shot by Jay Beagle.
15:02 of 3rd period - Deflect By Tyler Toffoli.
15:02 of 3rd period - Stopped by Joonas Korpisalo without a rebound.
15:03 of 3rd period - Devin Shore wins face-off versus Zack MacEwen in NASHVILLE zone.
15:28 of 3rd period - Shot by Antoine Roussel.
15:28 of 3rd period - Shot Misses the Net.
15:30 of 3rd period - Shot by Chris Tanev.
15:30 of 3rd period - Stopped by Joonas Korpisalo without a rebound.
15:31 of 3rd period - J.T. Compher wins face-off versus Patrick Kane in NASHVILLE zone.
15:37 of 3rd period - Off-side.
15:38 of 3rd period - Nic Dowd wins face-off versus Sean Monahan in neutral zone.
16:12 of 3rd period - Alexander Edler is hit by Jared McCann and loses puck.
16:44 of 3rd period - Off-side.
16:45 of 3rd period - Sidney Crosby wins face-off versus J.T. Compher in neutral zone.
17:20 of 3rd period - Shot by Alex Ovechkin.
17:20 of 3rd period - Stopped by Joonas Korpisalo without a rebound.
17:21 of 3rd period - Nolan Patrick wins face-off versus Jay Beagle in NASHVILLE zone.
17:34 of 3rd period - Shot by Nolan Patrick.
17:34 of 3rd period - Stopped by Connor Hellebuyck without a rebound.
17:35 of 3rd period - Jay Beagle wins face-off versus Devin Shore in WINNIPEG zone.
17:41 of 3rd period - Patrick Kane is hit by Jeremy Lauzon and loses puck.
18:27 of 3rd period - Jeremy Lauzon is hit by Chris Tanev.
18:35 of 3rd period - Morgan Rielly is hit by Alex Ovechkin and loses puck.
18:44 of 3rd period - Shot by Sidney Crosby.
18:44 of 3rd period - Shot Misses the Net.
18:50 of 3rd period - Shot by Alex Ovechkin.
18:50 of 3rd period - Shot Misses the Net.
18:52 of 3rd period - Shot by Alex Ovechkin.
18:52 of 3rd period - Deflect By J.T. Miller.
18:52 of 3rd period - Goal by J.T. Miller - WINNIPEG : 4 - NASHVILLE : 2.
18:53 of 3rd period - Nic Dowd wins face-off versus Sean Monahan in neutral zone.
18:57 of 3rd period - Off-side.
18:58 of 3rd period - Sean Monahan wins face-off versus Nic Dowd in neutral zone.
19:20 of 3rd period - Shot by Nic Dowd.
19:20 of 3rd period - Stopped by Joonas Korpisalo without a rebound.
19:21 of 3rd period - Jay Beagle wins face-off versus J.T. Compher in NASHVILLE zone.
19:33 of 3rd period - Off-side.
19:34 of 3rd period - Sidney Crosby wins face-off versus Nolan Patrick in neutral zone.
Goals for this period are 1 for WINNIPEG vs 1 for NASHVILLE.
Shots for this period are 10 for WINNIPEG vs 5 for NASHVILLE.